Map: Ruins of Seras

Players

MythiC

  • Race: Terran Terran
  • League: Grandmaster

A.I. 1 (Very Easy) - Winner!

  • Race: Terran Terran

VOD

Have the link to the VOD?

Description

Time

  • Played on: Feb. 29, 2016, 11:50 a.m.
  • Length: 5:24
Show
View Real Time Build Order
Export as new Build Order

MythiC Terran 

Build Orders: 1/1/1, Liberator Opening 

Get SALT Encoding   

  12  0:00  SCV  
  13  0:13  SCV  
  14  0:18  Supply Depot  
  14  0:25  SCV  
  15  0:30  Refinery  
  15  0:39  SCV  
  16  0:46  Barracks  
  16  0:51  SCV  
  17  0:58  Refinery  
  17  1:05  SCV  
  18  1:17  SCV  
  19  1:32  Orbital Command  
  19  1:37  Factory  
  19  1:41  Reaper  
  20  1:50  Supply Depot  
  20  1:59  SCV  
  21  2:11  SCV  
  21  2:13  Reaper  
  23  2:22  Hellion  
  25  2:24  Starport  
  25  2:28  SCV  
  26  2:34  Supply Depot  
  28  2:44  Liberator, Hellion  
  28  2:45  Reaper  
  29  3:02  Supply Depot  
  32  3:06  Hellion  
  34  3:13  SCV  
  35  3:22  Reaper  
  35  3:26  SCV  
  37  3:27  Liberator  
  37  3:33  Hellion  
  39  3:41  Supply Depot, SCV  
  43  3:54  Barracks Tech Lab  
  43  3:59  Hellion  
  45  4:06  Supply Depot  
  45  4:23  Barracks Reactor  
  45  4:31  Factory Tech Lab  
  45  4:34  SCV  
  46  4:40  Command Center  
  49  4:46  Supply Depot  
  49  4:54  SCV  
  49  4:55  Supply Depot  
  49  4:58  Marine  
  49  4:59  Marine  
Show
View Real Time Build Order
Export as new Build Order

A.I. 1 (Very Easy) Terran - Winner!

Build Orders: Reaper Expand 

Get SALT Encoding   

  12  0:00  SCV  
  13  0:13  SCV  
  14  0:19  Supply Depot  
  14  0:47  Barracks  
  14  1:03  Command Center  
  14  1:33  Supply Depot, Orbital Command, Marine  
  14  1:37  Refinery  
  15  1:50  Refinery  
  15  1:58  SCV  
  16  2:10  SCV  
  17  2:16  SCV  
  17  2:18  Reaper  
  19  2:23  SCV  
  20  2:30  SCV  
  21  2:37  SCV  
  22  2:44  SCV  
  22  2:52  SCV  
  23  2:59  SCV  
  23  3:04  Marine  
  25  3:06  SCV  
  26  3:13  Refinery, SCV  
  26  3:20  SCV  
  25  3:27  SCV  
  22  3:35  SCV  
  19  3:42  SCV  
  16  3:49  Factory  
  16  3:50  SCV  
  16  3:51  Marine  
  17  3:57  SCV  
  17  4:10  Barracks Tech Lab  
  16  4:19  SCV  
  18  4:34  SCV  
  18  4:36  Starport  
  18  4:38  Marauder  
  22  5:14  Supply Depot, Starport Tech Lab  
Tags
 
Add a new tag
Caveats
  • Supply blocks, unpowered buildings, or Contaminate may cause inaccurate times.
  • Supply counts are checked every 10 seconds.